 Dungeon Crawl Stone Soup version 0.26.0-8-g74fc34ddfb (webtiles) character file.

Game seed: 9283742484044076802

413 Froggeryz the Cudgeller (level 6, -12/55 HPs)
             Began as a Gargoyle Fighter on Jan 12, 2021.
             Was a Follower of Okawaru.
             Mangled by Menkaure (13 damage)
             ... on level 3 of the Dungeon.
             The game lasted 00:03:15 (3251 turns).

Froggeryz the Cudgeller (Gargoyle Fighter)          Turns: 3251, Time: 00:03:16

Health: -12/55     AC: 23    Str: 22    XL:     6   Next: 91%
Magic:  6/6        EV:  2    Int:  8    God:    Okawaru [*.....]
Gold:   190        SH:  9    Dex:  9    Spells: 5/5 levels left

rFire    . . .     SeeInvis .   s - +2 whip (venom)
rCold    . . .     Faith    .   c - +0 kite shield
rNeg     + + +     Spirit   .   (armour currently unavailable)
rPois    ∞         Reflect  .   (helmet currently unavailable)
rElec    .         Harm     .   (cloak currently unavailable)
rCorr    .         Rampage  .   (gloves currently unavailable)
Will     .....     NoTele   +   (boots currently unavailable)
Stlth    +.........             (no amulet)
HPRegen  0.18/turn              (no ring)
MPRegen  0.10/turn              (no ring)

@: tree-form
A: negative energy resistance 1, petrification resistance, miasma immunity, AC
+4
a: Renounce Religion, Heroism


You were on level 3 of the Dungeon.
You worshipped Okawaru.
Okawaru was aware of your devotion.
You were a tree.
You visited 1 branch of the dungeon, and saw 4 of its levels.

You collected 190 gold pieces.

Inventory:

Hand Weapons
 a - a +0 flail
 s - a +2 whip of venom (weapon)
Missiles
 m - 3 javelins (quivered)
Armour
 b - a +1 scale mail (melded)
 c - a +0 kite shield (worn)
 j - a +0 cloak (melded)
 u - a +0 helmet (melded)
Scrolls
 e - a scroll of magic mapping
 g - 2 scrolls of identify
 h - 3 scrolls of remove curse
 i - 3 scrolls of amnesia {unknown}
 k - a scroll of enchant armour
 n - a scroll of blinking {unknown}
 q - a scroll of fear {unknown}
 r - a scroll of immolation {unknown}
 t - a scroll of enchant weapon {unknown}
Potions
 d - 2 potions of might
 f - 2 potions of curing {unknown}
 l - 2 potions of lignification
 o - a potion of heal wounds {unknown}
 p - a potion of attraction {unknown}
 v - a potion of resistance {unknown}


   Skills:
 - Level 3.2 Fighting
 * Level 7.2 Maces & Flails
 - Level 3.2 Armour
 - Level 3.2 Shields


You had 5 spell levels left.
You didn't know any spells.
Your spell library was empty.

Dungeon Overview and Level Annotations

Branches:
Dungeon (4/15)             Temple (0/1) D:4

Altars:
Cheibriados
Okawaru

Annotations:
D:3 Menkaure


Innate Abilities, Weirdness & Mutations

You are resistant to torment.
((Your stone body is resilient. (AC +4)))
You are immune to poison.
You resist negative energy. (rN+)
((You are resistant to electric shocks. (rElec)))
((You can survive without breathing.))
You are immune to petrification.
You are immune to miasma.


Message History

You see here a cursed +0 spear.
Menkaure calls on the powers of darkness!
Your body is wracked with pain!
* * * LOW HITPOINT WARNING * * *
The leopard gecko convulses!
Menkaure hits you.
* * * LOW HITPOINT WARNING * * *
You hit Menkaure.
Menkaure is almost destroyed.
The leopard gecko barely misses you.
You hit Menkaure.
Menkaure is almost destroyed.
You block Menkaure's attack.
The leopard gecko bites you but does no damage.
It was a potion of lignification.
You turn into a tree.
Your +0 cloak melds into your body.
Your +0 helmet melds into your body.
Your +1 scale mail melds into your body.
Your roots penetrate the ground.
Menkaure hits you.
* * * LOW HITPOINT WARNING * * *
You block the leopard gecko's attack. Menkaure hits you!
You die...

#....................#.#####
#...........[#######.#....#
######.......#######.####.#
#.......#....##.####.#
#.......#.##.........##
#......................
#.......#.......######.
#.....M)########### #.
#.....♣l).........# #.
#......##########.## #.
#......# #..# #. #[.....#
##.###. ######## #..##.
##.##. #.##. #..#. ##.#.


You could see Menkaure (fast) and a leopard gecko.

Vanquished Creatures
  2 ogres
  An orc wizard (D:4)
  An orc priest (D:3)
  A worker ant (D:4)
  7 gnolls (D:3)
  An adder (D:3)
  2 worms (D:2)
  3 dart slugs
  A leopard gecko (D:3)
  6 orcs
  5 giant cockroaches
  5 goblins
  4 hobgoblins
  7 jackals
  4 quokkas
  8 bats
  2 frilled lizards
  9 kobolds
  A leopard gecko skeleton (D:4)
  7 rats
77 creatures vanquished.

Notes
Turn   | Place    | Note
-------+----------+-------------------------------------------
     0 | D:1      | Froggeryz the Gargoyle Fighter began the quest for the Orb.
     0 | D:1      | Reached XP level 1. HP: 14/14 MP: 1/1
   206 | D:1      | Reached XP level 2. HP: 19/19 MP: 2/2
   718 | D:2      | Reached skill level 3 in Maces & Flails
   837 | D:2      | You fall into a shaft and drop 1 floor!
   980 | D:2      | Reached XP level 3. HP: 22/23 MP: 3/3
  1031 | D:2      | Noticed an ogre
  1038 | D:2      | Killed an ogre
  1039 | D:2      | Reached skill level 4 in Maces & Flails
  1039 | D:2      | Reached XP level 4. HP: 16/28 MP: 4/4
  1163 | D:2      | Reached skill level 5 in Maces & Flails
  1217 | D:2      | Reached XP level 5. HP: 32/32 MP: 5/5
  1328 | D:2      | Found an iron altar of Okawaru.
  1367 | D:2      | Became a worshipper of Warmaster Okawaru
  1409 | D:3      | Found a snail-covered altar of Cheibriados.
  2162 | D:3      | Reached skill level 6 in Maces & Flails
  2382 | D:3      | Reached XP level 6. HP: 25/37 MP: 6/6
  2831 | D:4      | Reached * piety under Okawaru
  2968 | D:4      | Reached skill level 7 in Maces & Flails
  3215 | D:4      | Noticed Menkaure
  3251 | D:3      | HP: 1/55 [Menkaure (6)]
  3251 | D:3      | Mangled by Menkaure

Illustrated notes

Levels and vault maps discovered:
D:1:      dpeg_arrival_solitude, layout_basic
D:2:      layout_rooms, marbit_many_paths, amcnicky_mini_pool_small
D:3:      minmay_wonky_spiral, layout_basic, kennysheep_slug_shrine
D:4:      layout_rooms, temple_fountains, kennysheep_minor_cross, uniq_pikel,
          uniq_menkaure

Skill      XL: |  1  2  3  4  5  6 |
---------------+-------------------+-----
Maces & Flails | 3 4 5 6 7 |  7.2
Fighting       | |  3.2
Armour         | |  3.2
Shields        | |  3.2

Action                   |  1- 3 |  4- 6 || total
-------------------------+-------+-------++-------
Melee: Flail             |    82 |   128 ||   210
       Whip              |       |    50 ||    50
  Use: Scroll            |       |     4 ||     4
       Potion            |       |     1 ||     1
Armor: Scale mail        |    39 |   112 ||   151
Dodge: Dodged            |    18 |    74 ||    92
Block: Kite shield       |    33 |   121 ||   154
